Map: Écho EC

Players

Satomi - Winner!

  • Race: Zerg Zerg

AgCl

  • Race: Protoss Protoss

VOD

Have the link to the VOD?

Description

Time

  • Played on: May 22, 2015, 3:41 p.m.
  • Length: 12:28
Show
View Real Time Build Order
Export as new Build Order

Satomi Zerg - Winner!

Build Orders: Hatch First 

Get SALT Encoding   

  12  0:02  Drone  
  13  0:09  Drone  
  14  0:18  Extractor  
  14  0:21  Drone x2, Extractor  
  16  0:42  Hatchery  
  15  0:51  Extractor  
  15  0:52  Extractor  
  15  0:53  Drone  
  16  1:02  Spawning Pool  
  15  1:09  Overlord  
  15  1:29  Drone x3  
  18  1:41  Drone  
  19  1:50  Queen  
  19  1:52  Drone  
  22  1:54  Queen  
  22  1:55  Overlord  
  24  2:02  Drone  
  24  2:06  Drone  
  26  2:12  Overlord  
  26  2:25  Queen  
  26  2:26  Drone  
  26  2:27  Drone  
  30  2:30  Queen  
  30  2:35  Drone  
  30  2:36  Drone  
  34  2:41  Drone  
  35  2:44  Drone  
  35  2:48  Extractor  
  35  2:52  Drone, Extractor  
  35  2:55  Drone  
  36  3:02  Drone  
  36  3:03  Drone  
  38  3:08  Hatchery  
  38  3:10  Drone  
  38  3:11  Drone x2  
  40  3:17  Overlord x2  
  40  3:24  Drone x2  
  40  3:25  Drone  
  43  3:40  Drone x2  
  43  3:41  Drone x5  
  48  3:42  Drone  
  51  3:50  Overlord x2  
  51  4:02  Roach Warren  
  50  4:04  Evolution Chamber  
  50  4:06  Evolution Chamber  
  45  4:23  Queen x3  
  51  4:26  Drone  
  52  4:35  Zerg Missile Weapons Level 1, Zerg Ground Armor Level 1  
  52  4:38  Drone x2  
  54  4:41  Drone x3  
  57  4:54  Extractor  
  57  4:55  Drone x3, Extractor  
  57  4:57  Drone x3  
  57  4:59  Drone  
  62  5:00  Drone x4  
  62  5:05  Lair  
  66  5:18  Drone x9  
  75  5:22  Overlord  
  75  5:31  Overlord x3  
  75  5:32  Overlord  
  75  5:50  Roach x8  
  75  5:53  Roach  
  91  6:23  Roach  
  91  6:24  Roach x3  
  97  6:31  Overlord  
  97  6:32  Overlord x11  
  97  6:34  Glial Reconstitution  
  97  6:35  Zerg Ground Armor Level 2, Zerg Missile Weapons Level 2  
  97  6:48  Overlord  
  97  6:49  Overlord x2  
  97  6:53  Roach x2  
  101  7:11  Ravager x4  
  101  7:12  Ravager x5  
  98  7:41  Roach x12  
  98  7:42  Roach  
  123  7:47  Roach  
  123  7:48  Roach  
  122  7:54  Spore Crawler x2  
  122  7:55  Spore Crawler x3  
  122  7:56  Spore Crawler x2  
  122  7:57  Spore Crawler  
  122  7:58  Spore Crawler, Roach x4  
  118  8:05  Roach x2  
  97  8:56  Roach  
  97  8:57  Roach x8  
  105  9:21  Roach x5  
  107  9:32  Roach x2  
  107  9:33  Hatchery  
  107  9:34  Spore Crawler  
  107  9:35  Spore Crawler  
  107  9:36  Queen x2  
  108  9:41  Roach  
  108  9:44  Roach  
  112  9:51  Roach  
  114  9:53  Roach  
  116  10:01  Roach x2  
  116  10:03  Roach  
  122  10:09  Roach  
  122  10:12  Queen  
  122  10:13  Roach  
  120  10:23  Roach  
  120  10:26  Roach  
  89  11:17  Zergling x20  
Show
View Real Time Build Order
Export as new Build Order

AgCl Protoss 

Build Orders: Oracle Opening, Oracle Opening, Carrier Rush 

Get SALT Encoding   

  12  0:15  Probe  
  12  0:21  Pylon  
  13  0:27  Probe  
  14  0:36  Assimilator  
  14  0:44  Probe  
  14  0:47  Gateway  
  15  0:56  Probe (Chrono Boost)  
  16  1:05  Probe (Chrono Boost)  
  17  1:13  Probe  
  17  1:14  Pylon  
  18  1:25  Probe  
  19  1:34  Gateway  
  19  1:37  Probe (Chrono Boost)  
  20  1:42  Cybernetics Core  
  20  1:49  Probe (Chrono Boost)  
  20  1:51  Assimilator  
  21  1:57  Probe (Chrono Boost)  
  22  2:06  Probe  
  23  2:18  Probe  
  23  2:19  Stargate  
  24  2:33  Nexus  
  24  2:36  Mothership Core (Chrono Boost)  
  25  2:37  Warp Gate  
  25  2:50  Probe (Chrono Boost)  
  26  3:00  Probe (Chrono Boost)  
  26  3:04  Oracle (Chrono Boost)  
  30  3:23  Pylon  
  30  3:25  Gateway  
  30  3:31  Assimilator  
  31  3:43  Pylon  
  31  3:45  Probe x2 (Chrono Boost)  
  32  3:54  Probe (Chrono Boost)  
  34  3:56  Probe (Chrono Boost)  
  34  3:59  Fleet Beacon  
  34  4:02  Probe  
  35  4:05  Probe  
  36  4:14  Probe  
  37  4:19  Probe  
  38  4:26  Probe (Chrono Boost)  
  38  4:28  Gateway  
  39  4:32  Probe (Chrono Boost)  
  39  4:38  Probe (Chrono Boost), Void Ray (Chrono Boost)  
  45  4:45  Probe (Chrono Boost)  
  46  4:56  Pylon  
  46  4:57  Carrier (Chrono Boost)  
  47  5:00  Probe (Chrono Boost)  
  47  5:02  Pylon  
  47  5:03  Probe (Chrono Boost)  
  47  5:05  Assimilator  
  47  5:06  Graviton Catapult  
  48  5:07  Protoss Air Weapons Level 1 (Chrono Boost)  
  48  5:19  Stalker  
  57  5:23  Probe (Chrono Boost)  
  57  5:26  Probe (Chrono Boost)  
  58  5:32  Probe (Chrono Boost)  
  58  5:35  Probe (Chrono Boost)  
  60  5:36  Adept  
  60  5:40  Probe  
  63  5:45  Probe, Adept  
  66  5:52  Probe  
  67  5:59  Probe (Chrono Boost)  
  65  6:06  Probe (Chrono Boost)  
  65  6:08  Adept, Carrier (Chrono Boost)  
  60  6:35  Probe  
  60  6:39  Probe  
  62  6:48  Stargate  
  62  6:49  Pylon  
  62  6:50  Adept  
  62  6:51  Adept  
  62  6:52  Adept  
  68  6:56  Pylon  
  68  6:59  Probe, Carrier (Chrono Boost)  
  63  7:11  Probe  
  63  7:14  Protoss Air Weapons Level 2  
  70  7:28  Probe  
  70  7:29  Twilight Council  
  71  7:46  Void Ray (Chrono Boost)  
  75  8:00  Carrier (Chrono Boost)  
  75  8:08  Nexus  
  75  8:09  Probe  
  75  8:10  Pylon, Assimilator  
  75  8:12  Assimilator  
  76  8:14  Forge  
  82  8:25  Carrier (Chrono Boost)  
  66  8:41  Stalker  
  57  8:48  Probe (Chrono Boost)  
  57  9:06  Carrier (Chrono Boost)  
  48  9:50  Nexus  
  48  9:53  Pylon  
Tags
 
Add a new tag
Caveats
  • Supply blocks, unpowered buildings, or Contaminate may cause inaccurate times.
  • Supply counts are checked every 10 seconds.